 Dungeon Crawl Stone Soup version 0.29.1-12-g30fa7ad0bf (webtiles) character file.

Game seed: 7090840329266385045

2504 hawla the Cleaver (level 10, 0/69 HPs)
             Began as a Meteoran Fire Elementalist on Jan 13, 2023.
             Was a Follower of Vehumet.
             Shot with a bolt by an orc warrior (21 damage)
             ... on level 8 of the Dungeon.
             The game lasted 00:15:03 (3100 turns).

hawla the Cleaver (Meteoran Fire Elementalist)      Turns: 3100, Time: 00:15:04

Health: 0/69       AC:  4    Str: 11    XL:     10   Next: 8%
Magic:  11/16      EV: 12    Int: 21    God:    Vehumet [*.....]
Gold:   174        SH:  0    Dex: 14    Spells: 8/15 levels left

rFire   + + .      SeeInvis .   l - +7 hand axe of Judgement {freeze, Fragile rElec rF++ rCorr}
rCold   . . .      Faith    .   (no shield)
rNeg    + . .      Spirit   .   a - +0 robe
rPois   .          Reflect  .   q - +2 hat
rElec   +          Harm     .   (no cloak)
rCorr   +          Rampage  .   (no gloves)
Will    +....                   (no boots)
Stlth   +.........              (no amulet)
HPRegen 0.21/turn               s - ring of positive energy
MPRegen 0.15/turn               (no ring)

@: confused, ambrosia-drunk, glowing
A: sense surroundings 2, otherworldly, glowing, explore regen
a: Renounce Religion


You were on level 8 of the Dungeon.
You worshipped Vehumet.
Vehumet was aware of your devotion.
You visited 2 branches of the dungeon, and saw 9 of its levels.

You collected 186 gold pieces.
You spent 12 gold pieces at shops.

Inventory:

Hand Weapons
 l - the +7 hand axe of Judgement (weapon) {freeze, Fragile rElec rF++ rCorr}
   (You found it on level 4 of the Dungeon)

   It freezes those it strikes, dealing additional cold damage.
   It can also slow down cold-blooded creatures.
   rF:        It greatly protects you from fire.
   rElec:     It insulates you from electricity.
   rCorr:     It protects you from acid and corrosion.
   Fragile:   It will be destroyed if unequipped.
Armour
 a - a +0 robe (worn)
 j - a +0 helmet
 q - a +2 hat (worn)
Jewellery
 d - a ring of ice
 h - a ring of wizardry
 s - a ring of positive energy (left hand)
 t - a +4 ring of slaying
Wands
 f - a wand of mindburst (9)
 p - a wand of flame (17) (quivered)
 r - a wand of light (13)
Scrolls
 e - 2 scrolls of amnesia
 g - a scroll of fear {unknown}
 i - 3 scrolls of enchant weapon
 k - 2 scrolls of enchant armour
 m - a scroll of magic mapping
 o - a scroll of identify
Potions
 b - 2 potions of magic
 c - a potion of cancellation


   Skills:
 + Level 13.3 Axes
 - Level 2.6 Dodging
 - Level 1.4 Stealth
 - Level 3.4 Spellcasting
 - Level 4.9 Conjurations
 - Level 4.9 Fire Magic


You had 8 spell levels left.
You knew the following spells:

 Your Spells              Type           Power      Damage    Failure   Level
a - Foxfire               Conj/Fire      96%        2x1d8     1%          1
b - Scorch                Fire           48%        2d7       2%          2
c - Flame Wave            Conj/Fire      24%        2d8       17%         4

Your spell library contained the following spells:

 Spells                   Type           Power      Damage    Failure   Level
 Magic Dart               Conj           96%        1d7       1%          1
 Conjure Flame            Conj/Fire      24%        6-21      4%          3
 Inner Flame              Hex/Fire       13%        N/A       14%         3
 Ensorcelled Hibernation  Hex/Ice        6%         N/A       19%         2
 Passwall                 Tmut/Erth      2%         N/A       19%         2
 Swiftness                Air            3%         N/A       36%         3


Dungeon Overview and Level Annotations

Branches:
Dungeon (8/15) Zot: 1830   Temple (1/1) D:6 Zot: 476
   Lair: D:8-11

Altars:
Cheibriados
Dithmenos
Gozag
Hepliaklqana
Makhleb
Okawaru
Ru
Sif Muna
Trog
Vehumet
Wu Jian
Xom
Yredelemnul
Zin
The Shining One

Shops:
D:4 !   D:7 ([(


Innate Abilities, Weirdness & Mutations

You passively map the area around you.
You are easily found by Zot.
You glow in the dark.
You regain HP and MP as you explore.


Message History

Vehumet accepts your kill.
The flame wave engulfs the orc warrior!
The orc warrior is moderately wounded.
The wyvern bites you!
The orc warrior unwields a +0 trident.
The orc warrior wields a +0 arbalest of freezing.
It is covered in frost.
The orc warrior shoots a bolt.
The bolt closely misses you. The wyvern bites you.
A wave of flame ripples out!
The flame wave engulfs the wyvern!
The wyvern is almost dead.
The flame wave engulfs the orc warrior.
The orc warrior is heavily wounded.
You finish channelling waves of flame.
The wyvern bites you.
The orc warrior shoots a bolt.
The bolt barely misses you.
Unknown command.
Casting: Flame Wave (dangerous; 17% risk of failure)
Confirm with . or Enter, or press ? or * to list all spells.
Flames lash the wyvern.
You kill the wyvern!
Vehumet accepts your kill.
The orc warrior shoots a bolt.
The bolt hits you! The bolt freezes you.
Unknown command.
Casting: Scorch (safe; 2% risk of failure)
Confirm with . or Enter, or press ? or * to list all spells.
Flames lash the orc warrior.
The orc warrior is severely wounded.
The orc warrior's fire resistance burns away.
The orc warrior shoots a bolt.
The bolt hits you!
* * * LOW HITPOINT WARNING * * *
The bolt freezes you.
* * * LOW HITPOINT WARNING * * *
Casting: Scorch (safe; 2% risk of failure)
Confirm with . or Enter, or press ? or * to list all spells.
Flames lash the orc warrior but do no damage.
The orc warrior shoots a bolt.
The bolt closely misses you.
Unknown command.
You are confused.
You feel invigorated.
The orc warrior shoots a bolt.
The bolt closely misses you.
The orc warrior shoots a bolt.
The bolt hits you!!
You die...

# ###...####..##..##
.##.....#.....#....#
........#..........##
.#.............#..#.##
##..........#.#.....#
##...#.##....#.####..#
..##.####.##........##
.....# #........)..##
.#...###..#...).@..##
.##......##......†..#
..)#####.
##....))...... * **
....# *
....####o.....^ *,,
....###**#... ........
, * ......# *#...
....>... *
........###.. ,
......., , .......<. ,
, , ....... ,
......... , ,
...####**


You could see an orc warrior (combustible).

Vanquished Creatures
  Grinder (D:6)
  A wyvern (D:8)
  Grum (D:8)
  A water moccasin (D:7)
  A sky beast (D:6)
  3 black bears
  An ice beast (D:7)
  2 wolves (D:8)
  2 ogres
  A phantom (D:6)
  2 kobold brigands (D:8)
  A bullfrog (D:8)
  A scorpion (D:5)
  5 hounds
  3 jellies
  7 orc priests
  A gnoll bouda (D:6)
  Natasha (D:3)
  4 orc wizards
  5 gnolls (D:6)
  4 adders
  2 shadow imps
  A white imp (D:6)
  A worm (D:5)
  A dart slug (D:4)
  27 orcs
  3 bats
  3 endoplasms
  A giant cockroach (D:1)
  4 goblins
  2 hobgoblins
  3 quokkas
  4 ball pythons
  2 frilled lizards (D:1)
  16 kobolds
  A rat (D:3)
119 creatures vanquished.

Vanquished Creatures (others)
  136 foxfires
136 creatures vanquished.

Grand Total: 255 creatures vanquished

Notes
Turn   | Place    | Note
-------+----------+-------------------------------------------
     0 | D:1      | hawla the Meteoran Fire Elementalist began the quest for
                  | the Orb.
     0 | D:1      | Reached XP level 1. HP: 14/14 MP: 5/5
   185 | D:1      | Reached XP level 2. HP: 13/20 MP: 4/6
   188 | D:1      | Learned a level 2 spell: Scorch
   368 | D:2      | Found a faded altar of an unknown god.
   407 | D:3      | Reached XP level 3. HP: 26/26 MP: 5/8
   427 | D:3      | Noticed Natasha
   434 | D:3      | Killed Natasha
   435 | D:3      | Reached XP level 4. HP: 23/33 MP: 1/10
   510 | D:4      | Learned a level 4 spell: Flame Wave
   755 | D:4      | Identified the +7 hand axe of Judgement {freeze, Fragile
                  | rElec rF++ rCorr}
   875 | D:4      | Reached XP level 5. HP: 38/38 MP: 2/11
   917 | D:4      | Found Oseufeidd's Distillery.
  1026 | D:4      | Bought a potion of degeneration for 12 gold pieces
  1336 | D:5      | Entered Level 5 of the Dungeon
  1336 | D:5      | Noticed an ogre
  1342 | D:5      | Killed an ogre
  1343 | D:5      | Reached XP level 6. HP: 45/45 MP: 4/12
  1384 | D:5      | Reached skill level 2 in Axes
  1484 | D:5      | Noticed a black bear
  1487 | D:5      | Killed a black bear
  1488 | D:5      | Reached skill level 3 in Axes
  1488 | D:5      | Reached XP level 7. HP: 50/50 MP: 7/13
  1507 | D:5      | Reached skill level 4 in Axes
  1574 | D:5      | Found an ornate altar of the Wu Jian Council.
  1634 | D:5      | Reached skill level 5 in Axes
  1890 | D:5      | Reached skill level 6 in Axes
  2035 | D:5      | Reached XP level 8. HP: 55/57 MP: 5/14
  2234 | D:6      | Noticed Grinder
  2239 | D:6      | Reached skill level 7 in Axes
  2243 | D:6      | Killed Grinder
  2244 | D:6      | Reached skill level 8 in Axes
  2281 | D:6      | Reached skill level 9 in Axes
  2370 | D:6      | Gained mutation: You passively map the area around you.
                  | [Meteoran growth]
  2370 | D:6      | Reached XP level 9. HP: 62/62 MP: 8/15
  2379 | D:6      | Reached skill level 10 in Axes
  2472 | D:6      | Found a staircase to the Ecumenical Temple.
  2696 | Temple   | Entered the Ecumenical Temple
  2810 | Temple   | Became a worshipper of Vehumet
  2885 | D:7      | Reached skill level 11 in Axes
  2916 | D:7      | Reached skill level 12 in Axes
  2918 | D:7      | Found Qyagoak's Weapon Emporium.
  2918 | D:7      | Found Kinkizem's Weapon Shop.
  2920 | D:7      | Found Viuleh's Armour Boutique.
  2959 | D:8      | Noticed Grum
  2971 | D:8      | Killed Grum
  2994 | D:8      | Reached * piety under Vehumet
  2994 | D:8      | Offered knowledge of Magic Dart by Vehumet.
  3005 | D:8      | Reached XP level 10. HP: 39/69 MP: 1/16
  3038 | D:8      | Identified the +6 dagger of Instinct {vamp, rC+ Dex+3}
  3087 | D:8      | Reached skill level 13 in Axes
  3100 | D:8      | Shot with a bolt by an orc warrior

Illustrated notes

Levels and vault maps discovered:
D:1:      psy_arrival_dodecagon, layout_loops_corners
D:2:      layout_basic, dreamdust_ecumenical_altar_statues, serial_aquarium,
          aquarium_bridge_square [aquarium_subvault_window,
          aquarium_subvault_wall, aquarium_subvault_bridge,
          aquarium_subvault_window], aquarium_bridge_long_joined
          [aquarium_subvault_wall, aquarium_subvault_wall,
          aquarium_subvault_bridge, aquarium_subvault_window,
          aquarium_subvault_window, aquarium_subvault_bridge],
          aquarium_window_fake, aquarium_window_2, aquarium_window_1,
          aquarium_view_2f, aquarium_balcony_3b, aquarium_pool_2
D:3:      layout_loops_ring, uniq_crazy_yiuf_cottage, uniq_natasha
D:4:      layout_basic, serial_shops, nicolae_inconvenience_store
D:5:      layout_basic, mainiacjoe_overflow_chevrons, sigmund_army
D:6:      layout_rooms, minmay_temple_entry_drinking_statues, uniq_grinder
D:7:      layout_basic, serial_shops, nicolae_shop_advertising_works
          [nicolae_subvault_shop_adworks], shop, nicolae_take_the_stairs,
          nicolae_shop_hallway_stairs, nicolae_shop_stone, minmay_crystal_room
D:8:      layout_cave_pools, old_standard_altar, uniq_grum, uniq_gastronok
Temple:   nicolae_temple_two_arcs

Skill      XL: |  1  2  3  4  5  6  7  8  9 10 |
---------------+-------------------------------+-----
Fire Magic     | 4 |  4.9
Spellcasting   | 3 |  3.4
Conjurations   | 3 4 |  4.9
Axes           | 3 6 9 12 13 | 13.3
Dodging        | |  2.6
Stealth        | |  1.4

Action                   |  1- 3 |  4- 6 |  7- 9 | 10-12 || total
-------------------------+-------+-------+-------+-------++-------
Melee: Unarmed           |    10 |     2 |       |       ||    12
       Hand axe          |       |     4 |    26 |     6 ||    36
       Punch             |       |       |     1 |       ||     1
 Cast: Foxfire           |    21 |    26 |    35 |       ||    82
       Scorch            |     2 |    13 |    28 |     3 ||    46
       Flame Wave        |       |       |    18 |     2 ||    20
  Use: Potion            |       |     3 |     4 |     1 ||     8
       Scroll            |       |       |     9 |       ||     9
Armor: Robe              |     5 |     2 |    13 |     4 ||    24
       Skin              |       |       |     2 |       ||     2
Dodge: Dodged            |    14 |     7 |    33 |     8 ||    62
